 Dungeon Crawl Stone Soup version 0.24-a0-235-g3f03afc (webtiles) character file.

Game seed: 4437883562258991380

46 silenth the Twirler (level 3, 0/28 HPs)
             Began as a Demonspawn Gladiator on Apr 6, 2019.
             Slain by an adder (2 damage)
             ... on level 3 of the Dungeon.
             The game lasted 00:03:27 (2023 turns).

silenth the Twirler (Demonspawn Gladiator)          Turns: 2023, Time: 00:03:28

Health: 0/28       AC:  4    Str: 15    XL:     3   Next: 46%
Magic:  3/3        EV: 12    Int:  9    God:
Gold:   99         SH:  0    Dex: 14    Spells: 2/2 levels left

rFire    . . .     SeeInvis .     - Unarmed
rCold    . . .     Gourm    .   (no shield)
rNeg     . . .     Faith    .   b - +0 leather armour
rPois    .         Spirit   .   c - +0 helmet
rElec    .         Reflect  .   (no cloak)
rCorr    .         Harm     .   (no gloves)
MR       .....                  (no boots)
Stlth    +.........             (no amulet)
HPRegen  0.09/turn              (no ring)
MPRegen  0.08/turn              (no ring)

@: no status effects
A: claws 1, hooves 1
a: no special abilities


You were on level 3 of the Dungeon.
You were not hungry.

You visited 1 branch of the dungeon, and saw 3 of its levels.

You collected 99 gold pieces.

Inventory:

Hand Weapons
 a - a +0 quarterstaff
Missiles
 d - 3 throwing nets (quivered)
 l - 4 poisoned tomahawks
Armour
 b - a +0 leather armour (worn)
 c - a +0 helmet (worn)
Scrolls
 g - a scroll of remove curse {unknown}
 k - 3 scrolls of identify {unknown}
Potions
 f - a potion of brilliance {unknown}
 h - 2 potions of curing {unknown}
 i - a potion of berserk rage {unknown}
 j - 2 potions of agility {unknown}
Comestibles
 e - 6 rations
 m - a chunk of flesh


   Skills:
 + Level 2.7 Fighting
 - Level 3.1 Staves
 - Level 1.7 Throwing
 - Level 2.6 Dodging
 * Level 1.6 Unarmed Combat


You had 2 spell levels left.
You didn't know any spells.
Your spell library was empty.

Dungeon Overview and Level Annotations

Branches:
Dungeon (3/15)

Altars:
Dithmenos
Okawaru
Xom


Innate Abilities, Weirdness & Mutations

You have sharp fingernails.
You have large cloven feet.


Message History

The bat hits you but does no damage.
You start resting.
The bat closely misses you.
You scratch the bat.
You kill the bat!
You start resting.
An adder comes into view.
The adder hisses angrily.
You see here a bat corpse.
You butcher the bat corpse.
Things that are here:
a chunk of flesh; a bat skeleton
m - a chunk of flesh
There is a stone staircase leading up here.
You barely miss the adder. Your kick misses the adder.
The adder barely misses you. The adder bites you.
* * * LOW HITPOINT WARNING * * *
You scratch the adder.
The adder is moderately wounded.
The adder bites you.
You die...

####.######
.......<@.#
####.####S#
#.# #.# #.#
#.# ..# #.#
#.#


You could see an adder.

Vanquished Creatures
  An ooze (D:1)
  A ball python (D:1)
  A giant cockroach (D:1)
  3 goblins (D:1)
  6 hobgoblins
  7 jackals (D:1)
  A quokka (D:2)
  3 bats
  A frilled lizard (D:2)
  7 kobolds
  8 rats
39 creatures vanquished.

Notes
Turn   | Place    | Note
-------+----------+-------------------------------------------
     0 | D:1      | silenth the Demonspawn Gladiator began the quest for the
                  | Orb.
     0 | D:1      | Reached XP level 1. HP: 16/16 MP: 1/1
    27 | D:1      | Reached skill level 3 in Staves
    30 | D:1      | Gained mutation: You have large cloven feet. [demonic
                  | ancestry]
    30 | D:1      | Reached XP level 2. HP: 15/22 MP: 2/2
   603 | D:1      | Reached skill level 1 in Unarmed Combat
   623 | D:1      | Gained mutation: You have sharp fingernails. [demonic
                  | ancestry]
   623 | D:1      | Reached XP level 3. HP: 11/28 MP: 3/3
  1055 | D:2      | Found a shimmering altar of Xom.
  1333 | D:2      | Found an iron altar of Okawaru.
  1333 | D:2      | Found a shadowy altar of Dithmenos.
  1591 | D:2      | Noticed a phantom
  1999 | D:2      | HP: 1/28 [phantom (7)]
  2022 | D:3      | HP: 2/28 [adder (1)]
  2023 | D:3      | Slain by an adder

Levels and vault maps discovered:
D:1:      lightli_arrival_statuegarden, layout_basic, minmay_misc_feat_roman
D:2:      layout_loops_corners, marbit_many_paths,
          gammafunk_temple_overflow_elements, first_ration
D:3:      layout_loops_ring, nicolae_gozag_seed_capital,
          nicolae_overflow_hidden_temple, st_stairs_12, kennysheep_small_spiral,
          ashenzari_altar_1

Skill      XL: |  1  2 |
---------------+-------+-----
Staves         | 3 |  3.1
Unarmed Combat | 1 |  1.6
Fighting       | |  2.7
Throwing       | |  1.7
Dodging        | |  2.6

Action                   || total
-------------------------++-------
Melee: Quarterstaff      ||    34
       Unarmed           ||    99
       Kick              ||    35
       Punch             ||     1
  Eat: Chunk             ||     2
       Ration            ||     1
Armor: Leather armour    ||    34
Dodge: Dodged            ||    84

Table legend:
 A = Non-vault XP
 B = Vault XP
 C = Vault XP percentage of total XP
 D = Non-vault monster count
 E = Vault monster count
 F = Vault count percentage of total count
                 A         B        C        D         E       F
            +---------+---------+-------+---------+---------+-------
      Total |      65 |       2 |   3.0 |      38 |       1 |   2.6
            +---------+---------+-------+---------+---------+-------
        D:1 |      53 |       0 |   0.0 |      30 |       0 |   0.0
        D:2 |      10 |       2 |  16.7 |       7 |       1 |  12.5
        D:3 |       2 |       0 |   0.0 |       1 |       0 |   0.0
            +---------+---------+-------+---------+---------+-------
